 Dungeon Crawl Stone Soup version 0.29.1-2-gbd0b4ee654 (webtiles) character file.

Game seed: 7333393396341468586

3 Ihaveafatcat the Chopper (level 1, 0/18 HPs)
             Began as a Hill Orc Gladiator on Nov 10, 2022.
             Frozen to death by an endoplasm (1 damage)
             ... on level 1 of the Dungeon.
             The game lasted 00:00:41 (355 turns).

Ihaveafatcat the Chopper (Hill Orc Gladiator)        Turns: 355, Time: 00:00:41

Health: 0/18       AC:  4    Str: 16    XL:     1   Next: 50%
Magic:  1/1        EV: 12    Int:  8    God:
Gold:   0          SH:  0    Dex: 12    Spells: 0/0 levels left

rFire   . . .      SeeInvis .   a - +0 war axe
rCold   . . .      Faith    .   (no shield)
rNeg    . . .      Spirit   .   b - +0 leather armour
rPois   .          Reflect  .   c - +0 helmet
rElec   .          Harm     .   (no cloak)
rCorr   .          Rampage  .   (no gloves)
Will    .....                   (no boots)
Stlth   +.........              (no amulet)
HPRegen 0.06/turn               (no ring)
MPRegen 0.07/turn               (no ring)

@: no status effects
A: no striking features
a: no special abilities


You were on level 1 of the Dungeon.
You visited 1 branch of the dungeon, and saw 1 of its levels.

Inventory:

Hand Weapons
 a - a +0 war axe (weapon)
Missiles
 d - 3 throwing nets (quivered)
 e - a javelin
Armour
 b - a +0 leather armour (worn)
 c - a +0 helmet (worn)
Scrolls
 f - a scroll of teleportation {unknown}
 h - a scroll of identify {unknown}
Potions
 g - a potion of curing {unknown}
 i - a potion of berserk rage {unknown}


   Skills:
 + Level 2.4 Fighting
 + Level 4.2 Axes
 + Level 1.7 Throwing
 + Level 2.4 Dodging


You couldn't memorise any spells.
You didn't know any spells.
Your spell library was empty.

Dungeon Overview and Level Annotations

Branches:
Dungeon (1/15)

Altars:


Message History

You are too injured to fight recklessly!
You are too injured to fight recklessly!
You are too injured to fight recklessly!
You are too injured to fight recklessly!
The frilled lizard closely misses you. The hobgoblin hits you.
The jackal attacks as you move away! The jackal bites you.
The jackal barely misses you. The hobgoblin closely misses you.
The jackal attacks as you move away! The jackal bites you.
* * * LOW HITPOINT WARNING * * *
The frilled lizard attacks as you move away!
The frilled lizard bites you but does no damage.
The frilled lizard unfolds its giant frill.
The jackal barely misses you.
The frilled lizard unfolds its giant frill.
The frilled lizard attacks as you move away!
The frilled lizard bites you.
* * * LOW HITPOINT WARNING * * *
The jackal bites you but does no damage.
Found 9 gold pieces.
An endoplasm comes into view.
The endoplasm quivers.
The jackal bites you but does no damage.
The endoplasm moves out of view.
The jackal attacks as you move away! The jackal barely misses you.
The jackal bites you but does no damage.
The frilled lizard attacks as you move away!
The frilled lizard barely misses you. The jackal attacks as you move away!
The jackal completely misses you.
The jackal bites you but does no damage.
The endoplasm freezes you.
You are frozen.
* * * LOW HITPOINT WARNING * * *
The jackal attacks as you move away! The jackal completely misses you.
The endoplasm attacks as you move away! The endoplasm hits you.
* * * LOW HITPOINT WARNING * * *
Found a dagger.
The jackal closely misses you. The endoplasm freezes you.
You are frozen.
You die...

##.####
..)....##+######
#.l@$......
#ghJ.......
#l.h.......
#.h........
#..........
#..#######. ..
###..###
...+......+
###...###..###


You could see an endoplasm, 3 jackals, a hobgoblin and 2 frilled lizards.

Vanquished Creatures
  An endoplasm (D:1)
  A goblin (D:1)
  A kobold (D:1)
3 creatures vanquished.

Notes
Turn   | Place    | Note
-------+----------+-------------------------------------------
     0 | D:1      | Ihaveafatcat the Hill Orc Gladiator began the quest for the
                  | Orb.
     0 | D:1      | Reached XP level 1. HP: 18/18 MP: 1/1
   355 | D:1      | Frozen to death by an endoplasm

Illustrated notes

Levels and vault maps discovered:
D:1:      dpeg_arrival_concentric_ovals, layout_basic, serial_shops, shop,
          nicolae_hexahallways

Action                   || total
-------------------------++-------
Melee: War axe           ||     7
Armor: Leather armour    ||    18
Dodge: Dodged            ||    20
